 Dungeon Crawl Stone Soup version 0.18.1-48-g4cf74bf (webtiles) character file.

280 sveltemanboy the Chiller (level 6, -1/38 HPs)
             Began as a High Elf Ice Elementalist on Aug 26, 2016.
             Was an Initiate of Ashenzari.
             Slain by a hippogriff (3 damage)
             ... on level 5 of the Dungeon.
             The game lasted 00:17:21 (5578 turns).

sveltemanboy the Chiller (HEIE)                     Turns: 5578, Time: 00:17:21

Health: -1/38      AC:  4    Str:  8    XL:     6   Next: 5%
Magic:  8/11       EV: 15    Int: 20    God:    Ashenzari [......]
Gold:   130        SH:  0    Dex: 16    Spells: 4 memorised, 1 level left

rFire  . . .     SeeInvis .     n - +1 long sword (curse)
rCold  . . .     Gourm    .     s - +0 robe (curse)
rNeg   . . .     Faith    .     (no shield)
rPois  .         Spirit   .     l - +1 hat (curse)
rElec  .         Dismiss  .     (no cloak)
rCorr  .         Reflect  .     k - +0 pair of gloves
SustAt .         Harm     .     (no boots)
MR     .....                    (no amulet)
Stlth  ++........               (no ring)
                                (no ring)

@: very slightly contaminated, not resistant to hostile enchantments, unstealthy
A: horns 1, repulsion field 1, wild magic 1
a: Curse Item, Renounce Religion


You were on level 5 of the Dungeon.
You worshipped Ashenzari.
Ashenzari was noncommittal.
You were very hungry.

You visited 2 branches of the dungeon, and saw 6 of its levels.

You collected 225 gold pieces.
You spent 95 gold pieces at shops.

Inventory:

Hand Weapons
 n - a cursed +1 long sword (weapon)
Missiles
 d - 167 stones (quivered)
Armour
 i - the +2 helmet of Nemelex Xobeh's Hope {rC+ Int+7 Stlth-}
   (You found it on level 4 of the Dungeon)

   It affects your intelligence (+7).
   It protects you from cold.
   It makes you less stealthy.
 k - a +0 pair of gloves (worn)
 l - a cursed +1 hat (worn)
 s - a cursed +0 robe (worn)
Scrolls
 a - 2 scrolls of magic mapping
 q - a scroll of amnesia
Potions
 e - 2 potions of haste
 g - a potion of heal wounds
 h - 3 potions of curing
 m - a potion of cure mutation {unknown}
 p - a potion of cancellation
Books
 b - a book of Frost

   Spells                             Type                      Level
   a - Freeze                         Ice                          1
   b - Throw Frost                    Conjuration/Ice              2
   c - Ozocubu's Armour               Charms/Ice                   3
   d - Throw Icicle                   Conjuration/Ice              4
   e - Summon Ice Beast               Ice/Summoning                4
Comestibles
 c - 4 bread rations
 f - a meat ration
 j - 8 fruits


   Skills:
 - Level 1.0 Fighting
 + Level 2.8 Long Blades
 - Level 2.1 Dodging
 - Level 2.1 Stealth
 - Level 3.0 Spellcasting
 + Level 2.9 Conjurations
 * Level 5.2 Ice Magic


You had one spell level left.
You knew the following spells:

 Your Spells              Type           Power        Failure   Level  Hunger
a - Freeze                Ice            ####         2%          1    None
b - Throw Frost           Conj/Ice       ####..       8%          2    ##.....
c - Ozocubu's Armour      Chrm/Ice       ###.....     24%         3    ###....
d - Summon Ice Beast      Ice/Summ       ###.....     67%         4    ####...


Dungeon Overview and Level Annotations

Branches:
Dungeon (5/15)             Temple (1/1) D:5

Altars:
Ashenzari
Elyvilon
Pakellas
Trog

Shops:
D:4 *

Annotations:
D:4 Dowan, Duvessa
D:5 Prince Ribbit


Innate Abilities, Weirdness & Mutations

You have a pair of small horns on your head.
You are surrounded by a mild repulsion field (EV +2).
Your spells are a little harder to cast, but a little more powerful.


Message History

Aiming: Freeze
Press: ? - help, Shift-Dir - straight line, f/p - hippogriff
Aim: a hippogriff (lightly wounded)
You miscast Freeze.
Frost spreads across the staircase to the Ecumenical Temple.
The hippogriff bites you. The hippogriff closely misses you.
The hippogriff misses you.
You hit the hippogriff.
The hippogriff is lightly wounded.
Your icy armour evaporates.
The hippogriff bites you. The hippogriff pecks you!
* * * LOW HITPOINT WARNING * * *
The hippogriff barely misses you.
You are too injured to fight recklessly!
You hit the hippogriff.
The hippogriff is moderately wounded.
The hippogriff bites you.
* * * LOW HITPOINT WARNING * * *
The hippogriff pecks you.
You die...

#.######...# #.# #........
.F.........# #.# ########.
........####.# #......
..........##.# #......
......#.#.##.# #......
.....####'####### #...... .#
.....#.......#..# #...... .#
.....#...H...#..# ####### .#
...... #...@...#..# . #.....
#.......#..# #.. #.......#..# #..
####'####..# #.# #
#.#.......########## #.#.#
#.###............... #####.#)#
#.#...>............. ........#
#.#.#...............
#####.######+#.#..#.##...........


You could see a hippogriff.

Vanquished Creatures
  A hound (D:5)
  A jelly (D:5)
  2 orc priests (D:4)
  An orc wizard (D:4)
  A howler monkey skeleton (D:4)
  4 adders
  An ooze (D:2)
  An adder skeleton (D:4)
  2 worms
  5 dart slugs
  A giant gecko (D:3)
  4 orcs (D:4)
  2 ball pythons
  6 bats
  4 giant cockroaches
  2 goblins
  2 hobgoblins
  4 jackals (D:1)
  10 kobolds
  A quokka (D:2)
  8 giant newts
  A quokka skeleton (D:5)
  10 rats
74 creatures vanquished.

Vanquished Creatures (others)
  A hobgoblin (D:3)
  A kobold (D:3)
2 creatures vanquished.

Grand Total: 76 creatures vanquished

Notes
Turn   | Place    | Note
--------------------------------------------------------------
     0 | D:1      | sveltemanboy the High Elf Ice Elementalist began the quest for the Orb.
     0 | D:1      | Reached XP level 1. HP: 11/11 MP: 4/4
   220 | D:1      | Reached XP level 2. HP: 17/17 MP: 4/6
   224 | D:1      | Learned a level 2 spell: Throw Frost
   263 | D:1      | Gained mutation: You are surrounded by a mild repulsion field (EV +2). [potion of mutation]
   263 | D:1      | Gained mutation: Your spells are a little harder to cast, but a little more powerful. [potion of mutation]
   263 | D:1      | Gained mutation: You have a pair of small horns on your head. [potion of mutation]
   878 | D:1      | Reached XP level 3. HP: 22/22 MP: 4/8
  1790 | D:2      | Reached skill level 1 in Fighting
  1863 | D:2      | Reached skill level 4 in Ice Magic
  2239 | D:3      | Learned a level 3 spell: Ozocubu's Armour
  2302 | D:3      | Reached skill level 1 in Long Blades
  2376 | D:3      | Reached XP level 4. HP: 28/28 MP: 9/9
  3206 | D:3      | Found an oddly glowing altar of Pakellas.
  3207 | D:3      | Found a shattered altar of Ashenzari.
  3236 | D:3      | Became a worshipper of Ashenzari the Shackled
  3474 | D:4      | Noticed Duvessa
  3474 | D:4      | Noticed Dowan
  3503 | D:4      | Found a white marble altar of Elyvilon.
  3530 | D:4      | Found a bloodstained altar of Trog.
  3613 | D:4      | Identified the +2 helmet of Nemelex Xobeh's Hope {rC+ Int+7 Stlth-}
  3969 | D:4      | Found Jocs's Assorted Antiques.
  3974 | D:4      | Bought a ruby potion for 23 gold pieces
  3974 | D:4      | Bought a scroll labeled SEENATH DIDULA for 26 gold pieces
  3974 | D:4      | Bought a sedimented grey potion for 23 gold pieces
  3974 | D:4      | Bought a cyan potion for 23 gold pieces
  4250 | D:4      | Reached XP level 5. HP: 23/33 MP: 3/10
  4374 | D:4      | Reached skill level 5 in Ice Magic
  4718 | D:4      | Learned a level 4 spell: Summon Ice Beast
  4769 | D:5      | Entered Level 5 of the Dungeon
  4823 | D:5      | Noticed Prince Ribbit
  4948 | D:5      | Reached XP level 6. HP: 31/38 MP: 6/11
  5008 | D:5      | Noticed a hippogriff
  5444 | D:5      | Found a staircase to the Ecumenical Temple.
  5463 | Temple   | Entered the Ecumenical Temple
  5578 | D:5      | Slain by a hippogriff

Skill      XL: |  1  2  3  4  5 |
---------------+----------------+-----
Spellcasting   | 3 |  3.0
Fighting       | 1 |  1.0
Ice Magic      | 4 5 |  5.2
Long Blades    | 1 2 |  2.8
Conjurations   | 2 |  2.9
Dodging        | |  2.1
Stealth        | |  2.1

Action                   |  1- 3 |  4- 6 || total
-------------------------+-------+-------++-------
Melee: Short sword       |    17 |       ||    17
       Club              |     1 |       ||     1
       Headbutt          |     6 |     2 ||     8
       Long sword        |    21 |    44 ||    65
Throw: Stone             |    71 |    52 ||   123
 Cast: Freeze            |    25 |    18 ||    43
       Throw Frost       |    30 |    17 ||    47
       Ozocubu's Armour  |       |     3 ||     3
Invok: Curse Item        |       |     2 ||     2
  Use: Potion            |     1 |     7 ||     8
       Scroll            |       |    11 ||    11
 Stab: Sleeping          |     2 |       ||     2
  Eat: Chunk             |     6 |     8 ||    14
       Fruit             |       |     3 ||     3
Armor: Robe              |    10 |    16 ||    26
Dodge: Dodged            |    46 |    46 ||    92
